 Dungeon Crawl Stone Soup version 0.14-a0-942-gbd853f2 (webtiles) character file.

3238 PolkaDot the Conjurer (level 9, 0/57 HPs)
             Began as a Vampire Conjurer on Nov 19, 2013.
             Was a Believer of Vehumet.
             Slain by a killer bee (7 damage)
             ... on Level 7 of the Dungeon.
             The game lasted 00:54:45 (11617 turns).

PolkaDot the Conjurer (Vampire Conjurer)           Turns: 11617, Time: 00:54:45

HP   0/57        AC  3     Str  7      XL: 9   Next: 42%
MP   7/14        EV 13     Int 20      God: Vehumet [**....]
Gold 473         SH  0     Dex 14      Spells:  5 memorised,  0 levels left

Res.Fire  : + . .   See Invis. : +   A - +1 dagger (elec)
Res.Cold  : + . .   Warding    : .   a - +0 robe
Life Prot.: + + +   Conserve   : .   (no shield)
Res.Poison: +       Res.Corr.  : .   (no helmet)
Res.Elec. : .       Clarity    : .   (no cloak)
Sust.Abil.: . .     Spirit.Shd : .   q - +0 pair of gauntlets
Res.Mut.  : .       Stasis     : .   (no boots)
Res.Rott. : +       Flight     : .   (no amulet)
Saprovore : . . .                    w - ring of fire
                                     g - +1 ring of evasion

@: regenerating slowly, somewhat resistant to hostile enchantments, stealthy
A: bottle blood, fangs 3, hooves 1, see invisible, unbreathing
a: Bat Form, Bottle Blood, Renounce Religion


You were on level 7 of the Dungeon.
You worshipped Vehumet.
Vehumet was pleased with you.
You were near bloodless.

You visited 2 branches of the dungeon, and saw 9 of its levels.

You collected 473 gold pieces.

Inventory:

Hand weapons
 A - a +1,+1 dagger of electrocution (weapon)
 B - a +1,+2 vampiric sabre
Armour
 a - a +0 robe (worn)
 q - a +0 pair of gauntlets (worn)
Magical devices
 o - a wand of draining (0)
 y - a wand of frost (9)
 z - a wand of slowing (9)
Scrolls
 e - 4 scrolls of identify
 f - 2 scrolls of teleportation
 h - 5 scrolls of remove curse
 j - 3 scrolls of blinking {unknown}
 k - 2 scrolls of fog {unknown}
 l - 2 scrolls of amnesia {unknown}
 m - a scroll of enchant weapon I {unknown}
 n - a scroll of recharging {unknown}
 s - a scroll of immolation {unknown}
 v - a scroll of fear {unknown}
Jewellery
 g - a +1 ring of evasion (left hand)
 w - a ring of fire (right hand)
Potions
 d - 2 potions of brilliance
 p - 5 potions of agility {unknown}
 r - a potion of curing
 t - a potion of poison
 u - 2 potions of invisibility {unknown}
 x - 2 potions of flight {unknown}
Books
 c - a book of Conjurations

   Spells                             Type                      Level
   *Magic Dart                        Conjuration                  1
   *Searing Ray                       Conjuration                  2
   Dazzling Spray                     Conjuration/Hexes            3
   Iskenderun's Mystic Blast          Conjuration                  4
   *Iskenderun's Battlesphere         Conjuration/Charms           4
   Fulminant Prism                    Conjuration/Hexes            5


   Skills:
 - Level 2.1 Dodging
 - Level 3.0 Stealth
 - Level 1.0 Spellcasting
 + Level 8.7 Conjurations
 + Level 4.7 Charms
 * Level 5.9 Air Magic


You couldn't memorise any spells.
You knew the following spells:

 Your Spells              Type           Power        Failure   Level  Hunger
a - Throw Flame           Conj/Fire      ####..       4%          2    ###....
s - Searing Ray           Conj           #####.       1%          2    ###....
z - Iskenderun's Battles  Conj/Chrm      ####....     12%         4    #####..
A - Magic Dart            Conj           ####         1%          1    ##.....
S - Shock                 Conj/Air       ####         1%          1    ##.....


Dungeon Overview and Level Annotations

Branches:
Dungeon (8/16)             Temple (1/1) D:6
    Orc: D:6-11        Lair: D:8-13

Altars:
Ashenzari
Cheibriados
Elyvilon
Fedhas
Kikubaaqudgha
Makhleb
Nemelex Xobeh
Okawaru
Sif Muna
Trog
Vehumet
Xom
Yredelemnul
Zin
the Shining One

Shops:
D:6 =


Innate Abilities, Weirdness & Mutations

You heal slowly.
You can bottle blood from corpses.
You have razor-sharp teeth.*
You have supernaturally acute eyesight.
You can survive without breathing.*
You have large cloven feet.*


Message History

You fly upwards.
Your battlesphere wavers and loses cohesion.
There is a stone staircase leading down here.
Use which ability? (? or * to list)
Your transformation has ended.
Your +1,+1 dagger of electrocution unmelds from your body.
You hear the crackle of electricity.
Your +0 pair of gauntlets unmelds from your body.
Your +0 robe unmelds from your body.
Your +1 ring of evasion unmelds from your body.
g - a +1 ring of evasion (left hand)
Your ring of fire unmelds from your body.
You feel more attuned to fire.
w - a ring of fire (right hand)
The killer bee closely misses you. The killer bee misses you.
The killer bee stings you.
* * * LOW HITPOINT WARNING * * *
The killer bee barely misses you. The killer bee misses you.
The killer bee stings you!
You die...

#######...#.......# #.# #.#
#.
............####..###.####.#
#. ########..###
#...........# #. #..#
#..###.###### #. #..# #..#
#.# #. #####..# ####..# #[#
#. #......# #..kk.# #.# #.
#.###.## #.##k## #.### #.
#.# #.# #.##@# #.[.# #.
#.###.####.##k# ###.# #. #
#.......##.##.# #.# #.
#####..#.#.##.##.# #.# #.
.##........##.#..# ##>## ##
###.#..#.#.##.#.## ##.#.## #
#
#.#......##.#.#####.###.####
# #.#.##.#.##........##
##...# #
#.#.##.#.####.#####.###.##.#
##


You could see 4 killer bees.

Vanquished Creatures
  Prince Ribbit (D:4)
  A hungry ghost (D:6)
  Menkaure (D:4)
  A sky beast (D:7)
  An ice beast (D:8)
  2 black bears (D:7)
  2 ogres
  A water moccasin (D:5)
  A big kobold (D:8)
  2 giant frogs (D:6)
  A manticore zombie (D:6)
  4 killer bees (D:8)
  4 wights (D:7)
  A jelly (D:7)
  2 goliath beetles (D:6)
  5 crimson imps
  4 hounds
  A giant frog skeleton (D:7)
  6 orc wizards
  3 worker ants
  An iguana (D:6)
  3 scorpions
  An ogre skeleton (D:3)
  Terence (D:2)
  13 adders
  3 gnolls (D:4)
  2 worms (D:2)
  An iguana skeleton (D:8)
  A giant eyeball (D:3)
  2 oozes
  2 giant geckos
  27 orcs
  A bat skeleton (D:7)
  5 giant cockroaches
  16 goblins
  9 hobgoblins
  16 jackals
  3 quokkas
  11 bats
  3 giant newts (D:3)
  A goblin zombie (D:5)
  11 kobolds
  A kobold skeleton (D:5)
  2 orc zombies
  12 rats
  A rat skeleton (D:7)
193 creatures vanquished.

Notes
Turn   | Place    | Note
--------------------------------------------------------------
     0 | D:1      | PolkaDot, the Vampire Conjurer, began the quest for the Orb.
     0 | D:1      | Reached XP level 1. HP: 13/13 MP: 4/4
   547 | D:1      | Reached XP level 2. HP: 5/19 MP: 0/5
   699 | D:1      | Learned a level 2 spell: Searing Ray
  1395 | D:2      | Reached XP level 3. HP: 15/24 MP: 0/6
  1690 | D:2      | Reached skill level 4 in Conjurations
  2071 | D:2      | Reached XP level 4. HP: 30/30 MP: 2/8
  2637 | D:3      | Noticed Terence
  2644 | D:3      | Paralysed by a potion of paralysis for 3 turns
  2686 | D:2      | Killed Terence
  2776 | D:3      | Found a bloodstained altar of Trog.
  2905 | D:3      | Found a burning altar of Makhleb.
  3312 | D:3      | Paralysed by a giant eyeball for 4 turns
  3959 | D:4      | Noticed Menkaure
  3977 | D:4      | Killed Menkaure
  3977 | D:4      | Reached skill level 5 in Conjurations
  3977 | D:4      | Reached XP level 5. HP: 32/35 MP: 4/9
  4191 | D:4      | Reached XP level 6. HP: 41/41 MP: 7/10
  4451 | D:5      | Entered Level 5 of the Dungeon
  4521 | D:5      | Reached skill level 6 in Conjurations
  5398 | D:6      | Found Meifair's Jewellery Boutique.
  5482 | D:5      | Reached XP level 7. HP: 46/46 MP: 6/11
  5879 | D:6      | Noticed a hungry ghost
  5897 | D:6      | Killed a hungry ghost
  5897 | D:6      | Reached skill level 7 in Conjurations
  6267 | D:6      | Found a staircase to the Ecumenical Temple.
  6299 | Temple   | Entered the Ecumenical Temple
  6579 | Temple   | Became a worshipper of Vehumet
  6820 | D:4      | Noticed an ogre
  6837 | D:4      | Killed an ogre
  6923 | D:4      | Learned a level 4 spell: Iskenderun's Battlesphere
  7025 | D:4      | Noticed Prince Ribbit
  7061 | D:4      | Killed Prince Ribbit
  7061 | D:4      | Reached skill level 1 in Charms
  7061 | D:4      | Reached XP level 8. HP: 20/52 MP: 3/13
  7136 | D:4      | Reached skill level 8 in Conjurations
  7945 | D:4      | Acquired Vehumet's first power
  7945 | D:4      | Offered knowledge of Shock by Vehumet.
  7948 | D:4      | Learned a level 1 spell: Shock
  8036 | D:6      | Found a blossoming altar of Fedhas.
  8154 | D:6      | Reached skill level 1 in Air Magic
  8575 | D:6      | Gained mutation: You have large cloven feet. [potion of mutation]
  8932 | D:6      | Found a deep blue altar of Sif Muna.
  8937 | D:6      | Found a shattered altar of Ashenzari.
  9464 | D:7      | Reached XP level 9. HP: 36/56 MP: 5/14
  9876 | D:7      | Offered knowledge of Throw Flame by Vehumet.
  9921 | D:7      | Learned a level 2 spell: Throw Flame
 10376 | D:8      | Reached skill level 5 in Air Magic
 10803 | D:8      | Noticed a lindwurm
 10804 | D:8      | Noticed a lindwurm
 10805 | D:8      | Noticed a lindwurm
 10805 | D:8      | Noticed a lindwurm
 11617 | D:7      | Slain by a killer bee

Action                   |  1- 3 |  4- 6 |  7- 9 || total
-------------------------+-------+-------+-------++-------
Melee: Unarmed           |    40 |    20 |     9 ||    69
       Short sword       |       |     5 |       ||     5
       Dagger            |       |       |     3 ||     3
 Cast: Magic Dart        |    40 |    87 |    82 ||   209
       Searing Ray       |    10 |    19 |    57 ||    86
       Iskenderun's Batt |       |       |    10 ||    10
       Throw Flame       |       |       |    12 ||    12
       Shock             |       |       |     3 ||     3
 Abil: End Transformatio |       |       |     2 ||     2
       Bat Form          |       |       |     2 ||     2
Evoke: Wand              |       |       |     3 ||     3
  Use: Potion            |     3 |     5 |     9 ||    17
       Scroll            |       |     4 |     6 ||    10
 Stab: Sleeping          |       |     1 |       ||     1
